 Dungeon Sprint DCSS version 0.29-a0-857-g9b1aa3ac5b (webtiles) character file.

Game seed: 14171845665503952673

2886 manyhoops the Brawler (level 9, -6/159 HPs)
             Began as a Troll Berserker on July 16, 2022.
             Was a High Priest of Trog.
             Mangled by a deep troll (21 damage)
             ... in the Dungeon (Sprint II: "The Violet Keep of Menkaure").
             The game lasted 00:03:14 (512 turns).

manyhoops the Brawler (Troll Berserker)              Turns: 512, Time: 00:03:15

Health: -6/159     AC:  6    Str: 31    XL:     9   Next: 48%
Magic:  8/8        EV: 10    Int:  3    God:    Trog [*****.]
Gold:   549        SH:  0    Dex:  9    Spells: 8/8 levels left

rFire   . . .      SeeInvis .     - Unarmed
rCold   . . .      Faith    .   (no shield)
rNeg    . . .      Spirit   .   h - +2 robe {Archmagi}
rPois   .          Reflect  .   (helmet restricted)
rElec   .          Harm     .   d - scarf {shadows}
rCorr   .          Rampage  .   (gloves unavailable)
Will    .....      Archmagi +   (boots unavailable)
Stlth   .......... NoTele   +   (no amulet)
HPRegen 1.16/turn               (no ring)
MPRegen 0.11/turn               (no ring)

@: berserking, flying, very quick
A: large, unfitting armour, claws 3, regeneration 1, shaggy fur 1, tough skin 1
a: Renounce Religion, Berserk, Trog's Hand, Brothers in Arms


You were in the Dungeon.
You worshipped Trog.
Trog was extremely pleased with you.
You visited 1 branch You collected 853 gold pieces.
You spent 304 gold pieces at shops.

Inventory:

Hand Weapons
 i - a +1 quarterstaff of flaming
Armour
 d - a scarf of shadows (worn)
 h - a +2 robe of the Archmagi (worn)
Jewellery
 v - a ring of magical power
Scrolls
 c - 2 scrolls of fear
 g - a scroll of blinking
 j - a scroll of torment
 m - 2 scrolls of magic mapping
 o - a scroll of immolation {unknown}
 p - 2 scrolls of enchant armour
 q - a scroll of enchant weapon {unknown}
 w - 3 scrolls of fog {unknown}
 y - a scroll of brand weapon {unknown}
 z - a scroll of amnesia {unknown}
Potions
 a - a potion of degeneration {unknown}
 b - 2 potions of curing
 e - 5 potions of magic
 f - 2 potions of berserk rage
 k - a potion of heal wounds
 l - 2 potions of lignification
 n - a potion of attraction {unknown}
 r - 2 potions of flight
 s - 2 potions of mutation {unknown}
 t - 3 potions of resistance
 u - 3 potions of invisibility
 x - a potion of might {unknown}


   Skills:
 + Level 11.7 Fighting
 - Level 2.4 Dodging
 + Level 17.4 Unarmed Combat


You had 8 spell levels left.
You didn't know any spells.
Your spell library was empty.

Dungeon Overview and Level Annotations

Branches:
Dungeon (1/1)

Altars:
Cheibriados
Dithmenos
Elyvilon
Fedhas
Gozag
Hepliaklqana
Kikubaaqudgha
Makhleb
Nemelex Xobeh
Okawaru
Qazlal
Ru
Sif Muna
Trog
Uskayaw
Vehumet
Wu Jian
Xom
Yredelemnul
Zin
The Shining One
Jiyva
Lugonu

Shops:
D [:!([?!=!:=([::

Annotations:
D exclusion: oklob plant


Innate Abilities, Weirdness & Mutations

You are too large for most types of armour.
You have claws for hands.
Your natural rate of healing is unusually fast.
You are covered in fur. (AC +1)
You have tough skin. (AC +1)


Message History

You see here a water moccasin skeleton.
There is an open door, spattered with blood here.
You see here a water moccasin skeleton.
You enter the shallow water.
Moving in this stuff is going to be slow.
Why would you want to do that? Why would you want to do that?
You feel yourself speed up.
You feel very buoyant.
You fly up into the air.
You reach down and open the door.
A deep troll comes into view.
The deep troll shouts!
You hear a shout!
A deep troll comes into view.
Found 135 gold pieces.
Found 81 gold pieces.
The deep troll bites you! The deep troll claws you!
The deep troll closely misses you.
There is an open door, spattered with blood here.
You closely miss the deep troll. The deep troll bites you.
The deep troll claws you! The deep troll claws you.
The deep troll bites you but does no damage.
The deep troll closely misses you. The deep troll claws you.
You mangle the deep troll!!
The deep troll is severely wounded.
You recover from your berserk rage.
You claw the deep troll!
The deep troll is almost dead.
The deep troll bites you! The deep troll closely misses you.
The deep troll claws you. The deep troll bites you!!
* * * LOW HITPOINT WARNING * * *
The deep troll barely misses you. The deep troll claws you.
* * * LOW HITPOINT WARNING * * *
Okay, then.
The deep troll attacks as you move away!
The deep troll bites you but does no damage.
The deep troll closely misses you. The deep troll claws you.
* * * LOW HITPOINT WARNING * * *
A red film seems to cover your vision as you go berserk!
You feel yourself moving faster!
You feel mighty! The deep troll bites you!!
You die...

.^# #▓.[.....(▓▓
.^####▓...(..§.▓▓
#...##▓▓▓▓▓▓▓§▓▓▓▓+
≈≈≈≈≈≈≈≈≈≈≈÷≈...≈≈≈▓
≈#'########÷###.≈≈≈▓
≈#_._._...#≈≈§##≈≈≈▓
≈#._._._._#≈≈≈§####▓▓
≈#_._._._.#≈§§§§##$$#
≈#._._._._#≈§§§§@#$.#
≈#.._._._.#≈§§§§§TT$+
§#..._._._#≈§§§§§#§.#
§#...._._.#≈≈§≈§§▓$§#
≈#....._..#§§≈§▓▓▓▓▓▓
#####§§≈§▓ ≈≈≈≈≈≈≈≈▓
###≈▓▓▓▓


You could see 2 deep trolls.

Vanquished Creatures
  A kraken (D)
  A merfolk siren (D)
  4 neqoxecs (D)
  Menkaure (D)
  3 water moccasins (D)
  4 necrophages (D)
  4 scorpions (D)
  A hell rat (D)
  6 tentacles (D)
25 creatures vanquished.

Vanquished Creatures (others)
  A water moccasin (D)
  17 tentacles (D)
18 creatures vanquished.

Grand Total: 43 creatures vanquished

Notes
Turn   | Place    | Note
-------+----------+-------------------------------------------
     0 | D        | manyhoops the Troll Berserker began the quest for the Orb.
     0 | D        | Reached XP level 1. HP: 22/22 MP: 0/0
     1 | D        | Noticed a necrophage
     1 | D        | Noticed a necrophage
     1 | D        | Noticed a necrophage
     1 | D        | Noticed a necrophage
     8 | D        | Killed a necrophage
     9 | D        | Reached skill level 5 in Fighting
     9 | D        | Reached skill level 6 in Unarmed Combat
     9 | D        | Reached XP level 2. HP: 35/35 MP: 1/1
     9 | D        | Reached XP level 3. HP: 42/42 MP: 2/2
    10 | D        | Killed a necrophage
    11 | D        | Reached skill level 7 in Unarmed Combat
    11 | D        | Reached XP level 4. HP: 52/52 MP: 3/3
    13 | D        | Killed a necrophage
    13 | D        | Reached ** piety under Trog
    14 | D        | Reached skill level 8 in Unarmed Combat
    14 | D        | Reached XP level 5. HP: 61/61 MP: 4/4
    17 | D        | Reached skill level 9 in Unarmed Combat
    49 | D        | Killed a water moccasin
    58 | D        | Noticed a merfolk siren
    65 | D        | Killed a merfolk siren
    66 | D        | Reached skill level 11 in Unarmed Combat
    66 | D        | Reached XP level 6. HP: 75/75 MP: 5/5
    66 | D        | Reached XP level 7. HP: 83/83 MP: 6/6
    93 | D        | Noticed a neqoxec
    93 | D        | Noticed a neqoxec
    95 | D        | Noticed a neqoxec
    96 | D        | Killed a neqoxec
    96 | D        | Reached *** piety under Trog
    97 | D        | Reached skill level 12 in Unarmed Combat
    99 | D        | Killed a neqoxec
   100 | D        | Reached skill level 13 in Unarmed Combat
   103 | D        | Killed a neqoxec
   104 | D        | Reached skill level 10 in Fighting
   105 | D        | Noticed a neqoxec
   108 | D        | Killed a neqoxec
   108 | D        | Reached **** piety under Trog
   109 | D        | Reached XP level 8. HP: 93/93 MP: 7/7
   124 | D        | Reached skill level 14 in Unarmed Combat
   135 | D        | Found Adwaquwu's Antique Armour Shoppe.
   135 | D        | Found Nopebunt's Book Shoppe.
   135 | D        | Found Intol's Antique Weapon Emporium.
   136 | D        | Found Caijivecs's Book Emporium.
   136 | D        | Found Doegemiu's Book Shoppe.
   136 | D        | Found Toisoo's Distillery.
   136 | D        | Found Jycloef's Jewellery Shoppe.
   137 | D        | Found Ciupnuc's Distillery.
   137 | D        | Found Ycajyxt's Jewellery Emporium.
   137 | D        | Found Nifruho's Magic Scroll Shoppe.
   137 | D        | Found Vivegg's Antique Armour Shoppe.
   139 | D        | Found Xayp's Antique Weapon Shoppe.
   139 | D        | Found Wineit's Distillery.
   139 | D        | Noticed Menkaure
   139 | D        | Noticed an oklob plant
   140 | D        | Found Luuddad's Antique Armour Shoppe.
   140 | D        | Found Ratirrib's Book Shoppe.
   149 | D        | Bought a runed scarf for 208 gold pieces
   149 | D        | Bought a glowing robe for 96 gold pieces
   155 | D        | Killed Menkaure
   155 | D        | Reached ***** piety under Trog
   245 | D        | Found an iron altar of Okawaru.
   245 | D        | Found an opulent altar of Gozag.
   246 | D        | Found a sparkling altar of Nemelex Xobeh.
   246 | D        | Found a blossoming altar of Fedhas.
   247 | D        | Found a radiant altar of Vehumet.
   247 | D        | Found a burning altar of Makhleb.
   247 | D        | Found a white marble altar of Elyvilon.
   248 | D        | Found a hide-covered altar of Uskayaw.
   248 | D        | Found a corrupted altar of Lugonu.
   248 | D        | Found a shadowy altar of Dithmenos.
   249 | D        | Found a glowing silver altar of Zin.
   249 | D        | Found a bloodstained altar of Trog.
   249 | D        | Found an ancient bone altar of Kikubaaqudgha.
   249 | D        | Found a snail-covered altar of Cheibriados.
   252 | D        | Found a basalt altar of Yredelemnul.
   252 | D        | Found a shimmering blue altar of Sif Muna.
   253 | D        | Found a shimmering altar of Xom.
   253 | D        | Found a sacrificial altar of Ru.
   255 | D        | Found a glowing golden altar of the Shining One.
   255 | D        | Found an ornate altar of the Wu Jian Council.
   266 | D        | Reached skill level 15 in Unarmed Combat
   266 | D        | Noticed a kraken
   270 | D        | Found a stormy altar of Qazlal.
   270 | D        | Found a viscous altar of Jiyva.
   271 | D        | Found a hazy altar of Hepliaklqana.
   480 | D        | Killed a kraken
   480 | D        | Received a gift from Trog
   481 | D        | Reached skill level 17 in Unarmed Combat
   481 | D        | Reached XP level 9. HP: 106/106 MP: 8/8
   506 | D        | Noticed a deep troll
   506 | D        | Noticed a deep troll
   512 | D        | Mangled by a deep troll

Illustrated notes

Levels and vault maps discovered:
D:        the_violet_keep_of_menkaure [sprint2_stairs_cluster_1,
          sprint2_shoproom, sprint2_temple, sprint2_basic_supplies,
          sprint2_obstacle_7, sprint2_obstacle_2, sprint2_obstacle_5,
          sprint2_obstacle_3, sprint2_obstacle_4, sprint2_timed_cluster_1,
          sprint2_smallroom_cluster_1, sprint2_smallroom_final_cluster_1,
          sprint2_transparent_cluster_1, sprint2_second_timed_cluster_1,
          sprint2_sniper_area_1, sprint2_heavy_combat_area_1,
          sprint2_mutation_trap_area_1, sprint2_forest_area_1,
          sprint2_light_combat_area_1, sprint2_behind_water_1,
          sprint2_near_end_vault_1]

Skill      XL: |  1  2  3  4  5  6  7  8 |
---------------+-------------------------+-----
Fighting       | 5 6 9 10 11 | 11.7
Unarmed Combat | 6 7 8 11 13 17 | 17.4
Dodging        | |  2.4

Action                   |  1- 3 |  4- 6 |  7- 9 || total
-------------------------+-------+-------+-------++-------
Melee: Unarmed           |     7 |    10 |    54 ||    71
       Punch             |       |       |     4 ||     4
Invok: Berserk           |     1 |     1 |     3 ||     5
       Trog's Hand       |       |       |     1 ||     1
  Use: Potion            |       |       |     4 ||     4
       Scroll            |       |       |     8 ||     8
Armor: Animal skin       |     1 |       |       ||     1
       Robe              |       |       |     9 ||     9
       Skin              |       |       |     2 ||     2
Dodge: Dodged            |     2 |     3 |    18 ||    23

Table legend: (Time is in decaauts)
 A = Elapsed time spent in this place.
 B = Non-inter-level travel time spent in this place.
 C = Inter-level travel time spent in this place.
 D = Time resting spent in this place.
 E = Time spent auto-exploring this place.
 F = Levels seen in this place.
 G = Mean time per level.
                   A        B        C        D        E       F      G
               +--------+--------+--------+--------+--------+-----+--------+
         Total |    536 |    536 |      0 |     89 |     86 |   1 |  536.0 |
       Dungeon |    536 |    536 |      0 |     89 |     86 |   1 |  536.0 |
               +--------+--------+--------+--------+--------+-----+--------+

Top non-repeatable levels by time:
       D: 536 daAuts
